 Dungeon Crawl Stone Soup version 0.26.1-11-gd32895ea62 (webtiles) character file.

Game seed: 13279123296180096368

884 jlumianski the Summoner (level 7, -1/30 HPs)
             Began as a Felid Summoner on May 3, 2021.
             Was a Believer of Dithmenos.
             Slain by Grum
             ... wielding a +0 spear
              (2 damage)
             ... while petrified by a basilisk
             ... on level 1 of the Lair of Beasts.
             The game lasted 01:50:40 (14584 turns).

jlumianski the Summoner (Felid Summoner)           Turns: 14584, Time: 01:50:41

Health: -1/30      AC:  2    Str: 10    XL:     7   Next: 76%
Magic:  20/26      EV:  4    Int: 19    God:    Dithmenos [**....]
Gold:   281        SH:  0    Dex: 16    Spells: 10/19 levels left
                                        Lives:  0   Deaths: 2

rFire    . . .     SeeInvis +     - Unarmed
rCold    x . .     Faith    .   (shield unavailable)
rNeg     + + +     Spirit   .   (armour unavailable)
rPois    ∞         Reflect  .   (helmet unavailable)
rElec    .         Harm     .   (cloak unavailable)
rCorr    .         Rampage  .   (gloves unavailable)
Will     +....                  (boots unavailable)
Stlth    +++++.....             (no amulet)
HPRegen  0.10/turn              w - ring "Eluu" {+Blink +Fly rC- Str+6 SInv}
MPRegen  0.20/turn              j - ring of magical power

@: petrified, wreathed by umbra, quick
A: very small, no armour, no weapons or thrown items, stealth, claws 1, fangs 3,
see invisible, speed 1, shaggy fur 2, sharp paws
a: Renounce Religion, Evoke Blink, Evoke Flight, Shadow Step


You were on level 1 of the Lair of Beasts.
You worshipped Dithmenos.
Dithmenos was pleased with you.
You visited 3 branches of the dungeon, and saw 11 of its levels.

You collected 607 gold pieces.
You spent 326 gold pieces at shops.

Inventory:

Jewellery
 e - a +6 ring of intelligence
 j - a ring of magical power (right paw)
 m - an uncursed ring of ice
 w - the ring "Eluu" (left paw) {+Blink +Fly rC- Str+6 SInv}
   (You found it on level 8 of the Dungeon)

   [ring of strength]

   It affects your strength (+6).
   It makes you vulnerable to cold.
   It lets you see invisible.
   It lets you fly.
   It lets you blink.
Wands
 o - a wand of random effects (13)
Scrolls
 a - a scroll of fog
 f - 2 scrolls of enchant armour {unknown}
 g - 3 scrolls of remove curse
 i - 2 scrolls of noise
 l - 2 scrolls of magic mapping {unknown}
 n - 11 scrolls of identify
 q - a scroll of teleportation {unknown}
 t - a scroll of fear
 u - 2 scrolls of blinking
 x - a scroll of amnesia {unknown}
 C - a scroll of immolation {unknown}
 D - a scroll of torment {unknown}
Potions
 b - a potion of flight
 c - a potion of brilliance
 d - 2 potions of haste
 h - 3 potions of curing
 k - 2 potions of resistance {unknown}
 p - a potion of might {unknown}
 r - a potion of attraction {unknown}
 s - a potion of ambrosia
 v - a potion of cancellation {unknown}
 z - 3 potions of magic
 A - 2 potions of heal wounds
 B - 2 potions of degeneration {unknown}
 E - a potion of lignification {unknown}


   Skills:
 * Level 2.0 Fighting
 + Level 4.2 Dodging
 * Level 6.5 Stealth
 * Level 1.5 Unarmed Combat
 + Level 6.5 Spellcasting
 + Level 0.1 Hexes
 + Level 8.3 Summonings
 * Level 1.7 Evocations


You had 10 spell levels left.
You knew the following spells:

 Your Spells              Type           Power        Failure   Level
a - Summon Small Mammal   Summ           100%         1%          1
b - Call Imp              Summ           37%          1%          2
c - Call Canine Familiar  Summ           37%          1%          3
d - Summon Guardian Gole  Hex/Summ       22%          5%          3

Your spell library contained the following spells:

 Spells                   Type           Power        Failure   Level
 Sandblast                Erth           12%          11%         1
 Shock                    Conj/Air       24%          11%         1
 Passwall                 Tmut/Erth      5%           16%         2
 Swiftness                Air            6%           16%         2
 Summon Ice Beast         Ice/Summ       21%          19%         4
 Summon Lightning Spire   Summ/Air       21%          19%         4
 Static Discharge         Conj/Air       6%           32%         3
 Stone Arrow              Conj/Erth      12%          32%         3
 Airstrike                Air            3%           71%         4
 Petrify                  Tmut/Erth      6%           71%         4
 Lee's Rapid Deconstruct  Erth           3%           96%         5
 Lightning Bolt           Conj/Air       3%           96%         5


Dungeon Overview and Level Annotations

Branches:
Dungeon (9/15)             Temple (1/1) D:5            Lair (1/6) D:8
    Orc: D:9-12

Altars:
Ashenzari
Cheibriados
Dithmenos
Elyvilon
Fedhas
Gozag
Hepliaklqana
Kikubaaqudgha
Makhleb
Nemelex Xobeh
Okawaru
Qazlal
Ru
Sif Muna
Trog
Uskayaw
Vehumet
Wu Jian
Xom
Yredelemnul
Zin
The Shining One

Shops:
D:6 !:(*}

Annotations:
D:3 1 runed translucent door, woolyfrog's ghost, amateur HaFi
D:5 2 transporters, Menkaure
Lair:1 2 runed translucent doors, Grum


Innate Abilities, Weirdness & Mutations

You cannot wear armour.
You are incapable of wielding weapons or throwing items.
Your paws allow you to move quietly. (Stealth)
You have sharp claws.
You have razor-sharp teeth.
You have supernaturally acute eyesight. (SInv)
You cover ground quickly.
You are covered in thick fur. (AC +2)
Your sharp claws are effective at attacking unaware monsters.


Message History

Dithmenos accepts your kill.
You hear a howl!
Your Fighting skill increases to level 2!
The wolf closely misses your white imp. The wolf bites your white imp!
Your white imp dies!
The basilisk gazes at you.
You are slowing down.
As you read the scroll labelled UCSION JOECHO, it crumbles to dust.
You assume a fearsome visage.
The wolf looks frightened! x2
The basilisk looks frightened!
It was a scroll of fear.
Your limbs are stiffening.
As you read the scroll labelled XUATEU WUEBA, it crumbles to dust.
You hear a loud clanging noise!
It was a scroll of noise.
Grum growls angrily.
You hear a croak.
You have turned to stone.
Grum hits you from afar with a +0 spear!! x2
* * * LOW HITPOINT WARNING * * *
Grum hits you from afar with a +0 spear.
You die...

#..#...l....[#..........#..# ##.
#..#.........#...#......#..## #.
..$.##.+##..+#...#......#...####.
.................................
.....................+..#........
......h..........#...#..#........
...#h#####.......#.###..#........
..#....§...P.....................
..#...§..†....g.@.(.....#........
. #...........h..........PP#####.
#.........#########........ ...
...........#S# .#........##.#
..PP..##PP..#..# #.#........###
.......P....##).....+........#
............# !.#...+........#
)........#.##?..


You could see Grum (fast) and a wolf.

Vanquished Creatures
  A scorpion (D:3)
  A bullfrog zombie (D:5)
  A jelly (D:8)
  A centaur skeleton (D:6)
  An ufetubus (D:6)
  4 leopard geckos
  A giant cockroach (D:3)
  6 goblins
  A hobgoblin (D:2)
  2 kobolds
  4 bats
  4 frilled lizards
  A jackal skeleton (D:5)
  4 rats
32 creatures vanquished.

Vanquished Creatures (collateral kills)
  Psyche (D:8)
  A cane toad (Lair:1)
  2 water moccasins
  2 orc warriors
  An ice beast (D:6)
  3 phantoms
  2 black bears
  A wolf (Lair:1)
  2 ogres
  A necrophage (D:8)
  A big kobold (D:8)
  4 bullfrogs
  5 killer bees (D:8)
  3 wights (D:7)
  2 bullfrog zombies (D:6)
  2 howler monkeys
  An orc priest (D:8)
  A hound (D:5)
  2 jellies
  2 bullfrog skeletons
  An orc wizard (D:8)
  Jessica (D:3)
  An iguana (D:8)
  7 worker ants
  A hound skeleton (D:6)
  A howler monkey zombie (D:7)
  6 gnolls
  11 adders
  4 ufetubi
  2 adder skeletons
  An adder zombie (D:5)
  2 dart slugs
  A leopard gecko (D:5)
  20 orcs
  A ball python (D:2)
  2 giant cockroaches
  4 hobgoblins
  2 jackals (D:3)
  A quokka (D:8)
  4 bats
  3 goblins
  11 kobolds
  A rat (D:2)
127 creatures vanquished.

Vanquished Creatures (others)
  A hound (D:5)
  A jackal (D:5)
  6 fungi
  4 plants (D:8)
12 creatures vanquished.

Grand Total: 171 creatures vanquished

Notes
Turn   | Place    | Note
-------+----------+-------------------------------------------
     0 | D:1      | jlumianski the Felid Summoner began the quest for the Orb.
     0 | D:1      | Reached XP level 1. HP: 7/7 MP: 4/4
   699 | D:1      | Reached XP level 2. HP: 11/11 MP: 6/6
   713 | D:1      | Learned a level 2 spell: Call Imp
  2083 | D:2      | Reached XP level 3. HP: 14/14 MP: 4/7
  2092 | D:2      | Learned a level 3 spell: Call Canine Familiar
  3092 | D:3      | Found a stormy altar of Qazlal.
  3766 | D:3      | Found a runed translucent door.
  3767 | D:3      | Noticed woolyfrog's ghost (amateur HaFi)
  3856 | D:3      | Noticed Jessica
  3867 | D:3      | Killed Jessica
  3868 | D:3      | Reached XP level 4. HP: 18/18 MP: 9/9
  4404 | D:3      | Reached skill level 5 in Summonings
  4404 | D:3      | Reached XP level 5. HP: 12/21 MP: 10/10
  5692 | D:5      | Entered Level 5 of the Dungeon
  5730 | D:5      | Noticed an ogre
  5787 | D:5      | Found a glowing silver altar of Zin.
  5787 | D:5      | Found a shimmering blue altar of Sif Muna.
  5787 | D:5      | Found a staircase to the Ecumenical Temple.
  5787 | D:5      | Found a sparkling altar of Nemelex Xobeh.
  5788 | D:5      | Found a radiant altar of Vehumet.
  5797 | Temple   | Entered the Ecumenical Temple
  5959 | Temple   | Became a worshipper of Dithmenos the Shadowed
  7294 | D:5      | Killed an ogre
  7295 | D:5      | Gained mutation: You are covered in thick fur. (AC +2)
                  | [Felid growth]
  7295 | D:5      | Reached XP level 6. HP: 24/24 MP: 5/12
  7299 | D:5      | Learned a level 3 spell: Summon Guardian Golem
  7333 | D:5      | You fall into a shaft and drop 1 floor!
  7370 | D:6      | Reached skill level 6 in Summonings
  7610 | D:5      | Found a basalt altar of Yredelemnul.
  7612 | D:5      | Noticed Menkaure
  7617 | D:5      | Found a transporter.
  7653 | D:5      | Found a transporter.
  7653 | D:5      | Found an ancient bone altar of Kikubaaqudgha.
  7753 | D:5      | Found a shimmering altar of Xom.
  8234 | D:6      | Found Enafos's Assorted Antiques.
  8286 | D:6      | Found Xichapp's Weapon Shop.
  8370 | D:4      | HP: 1/24 [poisoned by an adder]
  8577 | D:5      | Reached skill level 1 in Fighting
  8645 | D:5      | Reached skill level 1 in Unarmed Combat
  8892 | D:6      | Bought a potion of heal wounds for 110 gold pieces
  8977 | D:6      | Found Yskeexie's Book Emporium.
  9117 | D:6      | Reached XP level 7. HP: 26/28 MP: 13/13
  9135 | D:6      | Reached * piety under Dithmenos
  9318 | D:6      | Found Seax's Distillery.
  9326 | D:6      | Bought a potion of heal wounds for 60 gold pieces
  9326 | D:6      | Bought a potion of curing for 36 gold pieces
  9326 | D:6      | Bought a potion of haste for 120 gold pieces
  9385 | D:6      | Found Tela's Gadget Shoppe.
 10001 | D:7      | Reached skill level 7 in Summonings
 10893 | D:7      | Reached skill level 5 in Stealth
 11018 | D:8      | Found a staircase to the Lair.
 11444 | D:7      | Reached skill level 5 in Spellcasting
 11618 | D:8      | Noticed Psyche
 11636 | D:8      | Paralysed by Psyche for 3 turns
 11641 | D:8      | Killed from afar by Psyche
 11642 | D:8      | Reached XP level 6. HP: -1/25 MP: 19/23
 11703 | D:8      | Reached XP level 7. HP: 28/28 MP: 14/15
 11909 | D:8      | Noticed a wyvern
 11912 | D:8      | Reached ** piety under Dithmenos
 12267 | Lair:1   | Entered Level 1 of the Lair of Beasts
 12521 | D:8      | Killed Psyche
 12632 | D:8      | Got a coiled turquoise ring
 12633 | D:8      | Identified the ring "Eluu" {+Blink +Fly rC- Str+6 SInv}
                  | (You found it on level 8 of the Dungeon)
 13413 | D:8      | Reached skill level 8 in Summonings
 13413 | D:8      | Reached XP level 8. HP: 32/32 MP: 18/18
 13662 | D:8      | Reached skill level 1 in Evocations
 13742 | D:8      | Slain by a killer bee
 13743 | D:8      | Reached XP level 7. HP: -1/28 MP: 8/26
 14461 | Lair:1   | Noticed a cane toad
 14474 | Lair:1   | Killed a cane toad
 14515 | Lair:1   | Found a runed translucent gate.
 14517 | Lair:1   | Found a runed translucent gate.
 14527 | Lair:1   | Noticed a black mamba
 14550 | Lair:1   | Noticed a basilisk
 14564 | Lair:1   | Noticed Grum
 14584 | Lair:1   | HP: 1/30 [Grum/+0 spear (9)]
 14584 | Lair:1   | Slain by Grum

Illustrated notes

Levels and vault maps discovered:
D:1:      psy_arrival_radial01, layout_loops_ring, chequers_mini_garden
D:2:      layout_basic
D:3:      layout_basic, old_standard_altar, gammafunk_ghost_grave, st_stairs_2,
          uniq_jessica
D:4:      wander_river, layout_basic, minmay_misc_feat_square
D:5:      layout_cave_pools, chequers_temple_overflow_statue_of_worship,
          xom_confusion_cloud, gammafunk_temple_of_torment,
          minmay_temple_entry_statues_fountains, serial_glass, glass_columns_c,
          glass_columns_c, glass_columns_c, glass_columns_a,
          minmay_misc_feat_tiny
D:6:      layout_cave_pools, serial_shops, kennysheep_mini_moat, shop_fountains,
          nicolae_shop_statue_plus, kennysheep_mini, shop
D:7:      layout_loops_ring, minivault_24
D:8:      minmay_razor_zed, layout_loops_cross, dpeg_oklobed_lair, uniq_psyche
D:9:      layout_loops_ring, serial_shops, shop, nicolae_lava_and_water
Temple:   dpeg_chambers_temple
Lair:1:   layout_chaotic_city, maelrawn_ghost_gauntlet_escape, uniq_grum

Skill      XL: |  1  2  3  4  5  6  7  8 |
---------------+-------------------------+-----
Dodging        | 3 4 |  4.2
Stealth        | 3 6 |  6.5
Spellcasting   | 3 6 |  6.5
Summonings     | 5 6 8 |  8.3
Fighting       | 1 2 |  2.0
Unarmed Combat | 1 |  1.5
Evocations     | 1 |  1.7
Hexes          | |  0.1

Action                   |  1- 3 |  4- 6 |  7- 9 || total
-------------------------+-------+-------+-------++-------
Melee: Unarmed           |    89 |    61 |    15 ||   165
       Bite              |     8 |     7 |       ||    15
 Cast: Summon Small Mamm |    25 |    19 |    12 ||    56
       Call Imp          |    22 |    53 |    77 ||   152
       Call Canine Famil |     7 |    32 |    40 ||    79
       Summon Guardian G |       |     1 |     5 ||     6
  Use: Scroll            |     5 |     1 |     6 ||    12
       Potion            |     2 |     4 |     2 ||     8
 Stab: Sleeping          |    10 |     4 |     3 ||    17
       Distracted        |       |     3 |       ||     3
Armor: Skin              |     8 |     6 |     3 ||    17
Dodge: Dodged            |   120 |   141 |   100 ||   361
